PL
WIZARDING EXPRESS @ CAPITAL DISTRICT RED KNIGHTS
06/29/2029
 
TOP OF THE 1ST
Wizarding Express batting - Pitching for Capital District Red Knights : RHP Leroy Moody
Pitching: RHP Leroy Moody
Batting: LHB José Corona 0-0: Ball
1-0: SINGLE (Groundball, 4D)
Batting: SHB Salvador Trevino 0-0: Ball
1-0: Fly out, F7 (Flyball, 7D)
Batting: LHB Nathan Tanner 0-0: Ball
1-0: Fly out, F4 (Line Drive, 34)
Batting: RHB António Martínez 0-0: Foul Ball, location: 2F
0-1: Fielders Choice at 2nd, 5-4 (Groundball, 56)
Top of the 1st over - 0 runs, 1 hit, 0 errors, 1 left on base; Wizarding 0 - Capital District 0
BOTTOM OF THE 1ST
Capital District Red Knights batting - Pitching for Wizarding Express : LHP Javier Roldán
Pitching: LHP Javier Roldán
Batting: RHB Mario Álvarez 0-0: Ball
1-0: TRIPLE (Flyball, 8RXD)
Batting: RHB Pedro Álvarez 0-0: Ball
1-0: Ball
2-0: Swinging Strike
2-1: Ball
3-1: Ground out 6-3 (Groundball, 6)
Mario Álvarez scores
Batting: RHB Arnold Giroux 0-0: Called Strike
0-1: Swinging Strike
0-2: Ball
1-2: Fly out, F8 (Flyball, 8LXD)
Batting: RHB Robert O'Connor 0-0: Foul Ball, location: 2F
0-1: Ball
1-1: Fly out, F4 (Popup, 4D)
Bottom of the 1st over - 1 run, 1 hit, 0 errors, 0 left on base; Wizarding 0 - Capital District 1
TOP OF THE 2ND
Wizarding Express batting - Pitching for Capital District Red Knights : RHP Leroy Moody
Batting: SHB Jake Richardson 0-0: Called Strike
0-1: DOUBLE (Line Drive, 89D)
Batting: SHB Fernando Sánchez 0-0: Ball
1-0: Called Strike
1-1: Swinging Strike
1-2: Strikes out swinging
Batting: RHB Rafael Arredondo 0-0: Ball
1-0: Ball
2-0: Called Strike
2-1: Ball
3-1: Foul Ball, location: 2F
3-2: Foul Ball, location: 2F
3-2: Base on Balls
Batting: LHB David Breitling 0-0: Ball
1-0: Foul Ball, location: 2F
1-1: Foul Ball, location: 2F
1-2: Ball
2-2: Foul Ball, location: 2F
2-2: Strikes out swinging
Batting: RHB Frank Grimes 0-0: Called Strike
0-1: Swinging Strike
0-2: Ball
1-2: Fly out, F9 (Flyball, 9S)
Top of the 2nd over - 0 runs, 1 hit, 0 errors, 2 left on base; Wizarding 0 - Capital District 1
BOTTOM OF THE 2ND
Capital District Red Knights batting - Pitching for Wizarding Express : LHP Javier Roldán
Batting: RHB Brandon Cole 0-0: Called Strike
0-1: Ball
1-1: Called Strike
1-2: Strikes out swinging
Batting: RHB Danilo Mosca 0-0: Ball
1-0: Ball
2-0: Called Strike
2-1: Called Strike
2-2: Ball
3-2: Foul Ball, location: 2F
3-2: Base on Balls
Batting: RHB José Paz 0-0: Fly out, F7 (Flyball, 78D)
Batting: RHB Leo Cadden 0-0: Ball
1-0: Swinging Strike
1-1: Fly out, F5 (Line Drive, 5)
Bottom of the 2nd over - 0 runs, 0 hits, 0 errors, 1 left on base; Wizarding 0 - Capital District 1
TOP OF THE 3RD
Wizarding Express batting - Pitching for Capital District Red Knights : RHP Leroy Moody
Batting: LHB José Corona 0-0: Called Strike
0-1: Ground out 1-3 (Groundball, 13)
Batting: SHB Salvador Trevino 0-0: Called Strike
0-1: DOUBLE (Line Drive, 78D)
Batting: LHB Nathan Tanner 0-0: Ball
1-0: Fly out, F6 (Line Drive, 6)
Batting: RHB António Martínez 0-0: Swinging Strike
0-1: Ball
1-1: Swinging Strike
1-2: Foul Ball, location: 2F
1-2: Ball
2-2: Ball
3-2: Strikes out swinging
Top of the 3rd over - 0 runs, 1 hit, 0 errors, 1 left on base; Wizarding 0 - Capital District 1
BOTTOM OF THE 3RD
Capital District Red Knights batting - Pitching for Wizarding Express : LHP Javier Roldán
Batting: LHB Arturo Hernández 0-0: Foul Ball, location: 2F
0-1: Foul Ball, location: 2F
0-2: Foul Ball, location: 2F
0-2: Ball
1-2: Ball
2-2: Strikes out swinging
Batting: RHB Mario Álvarez 0-0: Foul Ball, location: 2F
0-1: Ball
1-1: Foul Ball, location: 2F
1-2: Ball
2-2: Fly out, F9 (Line Drive, 89M)
Batting: RHB Pedro Álvarez 0-0: Ball
1-0: Ball
2-0: Foul Ball, location: 2F
2-1: Foul Ball, location: 2F
2-2: Fly out, F7 (Flyball, 78D)
Bottom of the 3rd over - 0 runs, 0 hits, 0 errors, 0 left on base; Wizarding 0 - Capital District 1
TOP OF THE 4TH
Wizarding Express batting - Pitching for Capital District Red Knights : RHP Leroy Moody
Batting: SHB Jake Richardson 0-0: Ball
1-0: Called Strike
1-1: Ball
2-1: Swinging Strike
2-2: Ball
3-2: Foul Ball, location: 2F
3-2: Base on Balls
Batting: SHB Fernando Sánchez 0-0: Called Strike
0-1: Ball
1-1: DOUBLE (Line Drive, 78XD)
Jake Richardson to third
Batting: RHB Rafael Arredondo 0-0: Ball
1-0: Called Strike
1-1: Swinging Strike
1-2: Strikes out looking
Batting: LHB David Breitling 0-0: Foul Ball, location: 2F
0-1: Called Strike
0-2: Ball
1-2: Foul Ball, location: 2F
1-2: Strikes out swinging
Batting: RHB Frank Grimes 0-0: Ball
1-0: Ball
2-0: Called Strike
2-1: Ball
3-1: Base on Balls
Batting: LHB José Corona 0-0: Ball
Wild Pitch!
Jake Richardson scores
Fernando Sánchez to third
Frank Grimes to second
1-0: Ball
2-0: Foul Ball, location: 2F
2-1: SINGLE (Line Drive, 4MD)
Fernando Sánchez scores
Frank Grimes to third
Runner from 3rd tries for Home, SAFE, no throw
Batting: SHB Salvador Trevino 0-0: Ball
1-0: Ball
2-0: SINGLE (Groundball, 34D)
José Corona to second
Runner from 2nd tries for 3rd, SAFE, no throw
Batting: LHB Nathan Tanner 0-0: Called Strike
0-1: Ball
1-1: Fielders Choice at 2nd, 5-4 (Groundball, 56)
Top of the 4th over - 3 runs, 3 hits, 0 errors, 2 left on base; Wizarding 3 - Capital District 1
BOTTOM OF THE 4TH
Capital District Red Knights batting - Pitching for Wizarding Express : LHP Javier Roldán
Batting: RHB Arnold Giroux 0-0: Ball
1-0: Called Strike
1-1: Foul Ball, location: 2F
1-2: Strikes out swinging
Batting: RHB Robert O'Connor 0-0: Swinging Strike
0-1: Ball
1-1: Ball
2-1: Fly out, F7 (Flyball, 78S)
Batting: RHB Brandon Cole 0-0: Ball
1-0: Ball
2-0: Ball
3-0: Called Strike
3-1: Base on Balls
Batting: RHB Danilo Mosca 0-0: Ball
1-0: Fielders Choice at 2nd, 5-4 (Groundball, 56)
Bottom of the 4th over - 0 runs, 0 hits, 0 errors, 1 left on base; Wizarding 3 - Capital District 1
TOP OF THE 5TH
Wizarding Express batting - Pitching for Capital District Red Knights : RHP Leroy Moody
Batting: RHB António Martínez 0-0: Swinging Strike
0-1: Ball
1-1: Foul Ball, location: 2F
1-2: Strikes out swinging
Batting: SHB Jake Richardson 0-0: Called Strike
0-1: DOUBLE (Line Drive, 9LD)
Batting: SHB Fernando Sánchez 0-0: Ball
1-0: Swinging Strike
1-1: Swinging Strike
1-2: Fly out, F9 (Flyball, 9S)
Batting: RHB Rafael Arredondo 0-0: Ball
1-0: Foul Ball, location: 2F
1-1: Ground out 5-3 (Groundball, 56S)
Top of the 5th over - 0 runs, 1 hit, 0 errors, 1 left on base; Wizarding 3 - Capital District 1
BOTTOM OF THE 5TH
Capital District Red Knights batting - Pitching for Wizarding Express : LHP Javier Roldán
Batting: RHB José Paz 0-0: Foul Ball, location: 2F
0-1: SINGLE (Groundball, 56D)
Batting: RHB Leo Cadden 0-0: Called Strike
0-1: Ball
1-1: Ball
2-1: Ground out 5-3 (Groundball, 56S)
José Paz to second
Batting: LHB Arturo Hernández 0-0: Ball
1-0: Ball
2-0: Foul Ball, location: 2F
2-1: Foul Ball, location: 2F
2-2: Strikes out looking
Batting: RHB Mario Álvarez 0-0: Ball
1-0: Ball
2-0: Ball
3-0: Fly out, F1 (Line Drive, 15S)
Bottom of the 5th over - 0 runs, 1 hit, 0 errors, 1 left on base; Wizarding 3 - Capital District 1
TOP OF THE 6TH
Wizarding Express batting - Pitching for Capital District Red Knights : RHP Leroy Moody
Batting: LHB David Breitling 0-0: Ball
1-0: Ball
2-0: Foul Ball, location: 2F
2-1: Ball
3-1: Foul Ball, location: 2F
3-2: Base on Balls
Batting: RHB Frank Grimes 0-0: Ball
1-0: Ball
2-0: Sac Bunt - play at first, batter OUT! 5-4
David Breitling to second
Batting: LHB José Corona 0-0: Ball
1-0: Ball
2-0: Ball
3-0: Called Strike
3-1: Called Strike
3-2: Foul Ball, location: 2F
3-2: Ground out 4-3 (Groundball, 4)
David Breitling to third
Pitching: RHP Jean-François Chapon
Batting: SHB Salvador Trevino 0-0: Called Strike
0-1: Foul Ball, location: 2F
0-2: Ground out 4-3 (Groundball, 4D)
Top of the 6th over - 0 runs, 0 hits, 0 errors, 1 left on base; Wizarding 3 - Capital District 1
BOTTOM OF THE 6TH
Capital District Red Knights batting - Pitching for Wizarding Express : LHP Javier Roldán
Batting: RHB Pedro Álvarez 0-0: Called Strike
0-1: Swinging Strike
0-2: Ground out 5-3 (Groundball, 56)
Batting: RHB Arnold Giroux 0-0: Foul Ball, location: 2F
0-1: Foul Ball, location: 2F
0-2: Strikes out swinging
Batting: RHB Robert O'Connor 0-0: Ball
1-0: Called Strike
1-1: Ball
2-1: TRIPLE (Flyball, 89XD)
Batting: RHB Brandon Cole 0-0: Ball
1-0: Fly out, F7 (Flyball, 7LD)
Bottom of the 6th over - 0 runs, 1 hit, 0 errors, 1 left on base; Wizarding 3 - Capital District 1
TOP OF THE 7TH
Wizarding Express batting - Pitching for Capital District Red Knights : RHP Jean-François Chapon
Pitching: RHP Bob Roth
Batting: LHB Nathan Tanner 0-0: Swinging Strike
0-1: Foul Ball, location: 2F
0-2: Ball
1-2: Strikes out swinging
Batting: RHB António Martínez 0-0: Called Strike
0-1: SINGLE (Line Drive, 56D)
Batting: SHB Jake Richardson 0-0: Ball
1-0: Called Strike
1-1: Foul Ball, location: 2F
1-2: Strikes out swinging
Batting: SHB Fernando Sánchez 0-0: Ball
1-0: Foul Ball, location: 2F
1-1: Swinging Strike
1-2: Strikes out looking
Top of the 7th over - 0 runs, 1 hit, 0 errors, 1 left on base; Wizarding 3 - Capital District 1
BOTTOM OF THE 7TH
Capital District Red Knights batting - Pitching for Wizarding Express : LHP Javier Roldán
Batting: RHB Danilo Mosca 0-0: Called Strike
0-1: Foul Ball, location: 2F
0-2: Strikes out looking
Batting: RHB José Paz 0-0: Called Strike
0-1: Ball
1-1: Fly out, F9 (Flyball, 9)
Batting: RHB Leo Cadden 0-0: Ball
1-0: Foul Ball, location: 2F
1-1: Ground out 6-3 (Groundball, 6)
Bottom of the 7th over - 0 runs, 0 hits, 0 errors, 0 left on base; Wizarding 3 - Capital District 1
TOP OF THE 8TH
Wizarding Express batting - Pitching for Capital District Red Knights : RHP Bob Roth
Batting: RHB Rafael Arredondo 0-0: Ball
1-0: Ball
2-0: Ball
3-0: Called Strike
3-1: Swinging Strike
3-2: Ground out 6-3 (Groundball, 6)
Batting: LHB David Breitling 0-0: Ball
1-0: Ball
2-0: Swinging Strike
2-1: Foul Ball, location: 2F
2-2: Foul Ball, location: 2F
2-2: Ball
3-2: Base on Balls
Batting: RHB Frank Grimes 0-0: Ground out 5-3 (Groundball, 56S)
David Breitling to second
Batting: LHB José Corona 0-0: Ground out 4-3 (Groundball, 4S)
Top of the 8th over - 0 runs, 0 hits, 0 errors, 1 left on base; Wizarding 3 - Capital District 1
BOTTOM OF THE 8TH
Capital District Red Knights batting - Pitching for Wizarding Express : LHP Javier Roldán
Pitching: RHP Juan Cantú
Batting: LHB Arturo Hernández 0-0: Foul Ball, location: 2F
0-1: Ball
1-1: Ball
2-1: Foul Ball, location: 2F
2-2: Foul Ball, location: 2F
2-2: Ground out 4-3 (Groundball, 4)
Batting: RHB Mario Álvarez 0-0: Called Strike
0-1: Ball
1-1: Ball
2-1: SINGLE (Groundball, 6MD)
Batting: RHB Pedro Álvarez 0-0: Ball
1-0: Swinging Strike
1-1: Called Strike
1-2: Ball
2-2: Foul Ball, location: 2F
2-2: Foul Ball, location: 2F
2-2: Foul Ball, location: 2F
2-2: Strikes out looking
Batting: RHB Arnold Giroux 0-0: Ball
1-0: Foul Ball, location: 2F
1-1: Foul Ball, location: 2F
1-2: Foul Ball, location: 2F
1-2: Ball
2-2: Ball
3-2: Base on Balls
Mario Álvarez to second
Batting: RHB Robert O'Connor 0-0: Ball
1-0: Ball
2-0: Ball
3-0: Base on Balls
Mario Álvarez to third
Arnold Giroux to second
Batting: RHB Brandon Cole 0-0: Ball
1-0: Ball
2-0: SINGLE (Groundball, 56D)
Mario Álvarez scores
Arnold Giroux to third
Robert O'Connor to second
Runner from 3rd tries for Home, SAFE, no throw
Batting: RHB Danilo Mosca 0-0: Foul Ball, location: 2F
0-1: Called Strike
0-2: Strikes out swinging
Bottom of the 8th over - 2 runs, 2 hits, 0 errors, 2 left on base; Wizarding 3 - Capital District 3
TOP OF THE 9TH
Wizarding Express batting - Pitching for Capital District Red Knights : RHP Bob Roth
Batting: SHB Salvador Trevino 0-0: Ground out 4-3 (Groundball, 4)
Batting: LHB Nathan Tanner 0-0: Called Strike
0-1: Ball
1-1: Ball
2-1: SINGLE (Groundball, 25) (infield hit)
Batting: RHB António Martínez 0-0: Called Strike
Nathan Tanner steals 2nd base
0-1: Called Strike
0-2: Ball
1-2: DOUBLE (Line Drive, 7LS)
Nathan Tanner scores
Batting: SHB Jake Richardson 0-0: Ball
1-0: Ball
2-0: Swinging Strike
2-1: Called Strike
2-2: Ball
3-2: Foul Ball, location: 2F
3-2: Foul Ball, location: 2F
3-2: Ground out 4-3 (Groundball, 4D)
António Martínez to third
Batting: SHB Fernando Sánchez 0-0: 2-RUN HOME RUN (Flyball, 9LD), Distance : 341 ft
Batting: RHB Rafael Arredondo 0-0: Ball
1-0: Swinging Strike
1-1: Swinging Strike
1-2: Foul Ball, location: 2F
1-2: Foul Ball, location: 2F
1-2: Ball
2-2: Foul Ball, location: 2F
2-2: Ball
3-2: SINGLE (Flyball, 89S)
Pitching: LHP Héctor Valentín
Batting: LHB David Breitling 0-0: Swinging Strike
0-1: Ball
1-1: Swinging Strike
1-2: Ball
2-2: Strikes out looking
Top of the 9th over - 3 runs, 4 hits, 0 errors, 1 left on base; Wizarding 6 - Capital District 3
BOTTOM OF THE 9TH
Capital District Red Knights batting - Pitching for Wizarding Express : RHP Juan Cantú
Pitching: LHP Ming-jiang Wu
Batting: RHB José Paz 0-0: Foul Ball, location: 2F
0-1: Ball
1-1: Ground out 5-3 (Groundball, 56)
Batting: RHB Leo Cadden 0-0: Ball
1-0: Ball
2-0: Foul Ball, location: 2F
2-1: Called Strike
2-2: Ground out 6-3 (Groundball, 6S)
Batting: LHB Arturo Hernández 0-0: Ball
1-0: Foul Ball, location: 2F
1-1: Foul Ball, location: 2F
1-2: Ground out 4-3 (Groundball, 4)
Bottom of the 9th over - 0 runs, 0 hits, 0 errors, 0 left on base; Wizarding 6 - Capital District 3
Tuesday, December 19th, 2017 - OOTP Baseball 18.8 Build 76